 Dungeon Crawl Stone Soup version 0.30.1-11-g7821555f0a (webtiles) character file.

Game seed: 11273739200026549745

2345 Stendarr the Gusty (level 9, 0/52 HPs)
             Began as a Tengu Air Elementalist on Nov 20, 2023.
             Was a Believer of Okawaru.
             Slain by a troll (17 damage)
             ... on level 7 of the Dungeon.
             The game lasted 00:20:44 (8383 turns).

Stendarr the Gusty (Tengu Air Elementalist)         Turns: 8383, Time: 00:20:44

Health: 0/52       AC:  1    Str: 13    XL:     9   Next: 43%
Magic:  8/19       EV: 17    Int: 15    God:    Okawaru [**....]
Gold:   469        SH:  0    Dex: 15    Spells: 7/20 levels left

rFire   . . .        g - +4 halberd
rCold   . . .        (shield currently unavailable)
rNeg    . . .        a - +0 robe
rPois   .            (helmet restricted)
rElec   .            (no cloak)
rCorr   .            (no gloves)
SInv    +            (boots unavailable)
Will    .....        y - amulet of magic regeneration
Stlth   ++           o - ring of see invisible
HPRegen 0.28/turn    (no ring)
MPRegen 0.56/turn

%: no passive effects
@: flying quickly and evasively, very slightly contaminated, quick
A: beak, talons 3, nimble flight, deformed body, devolution 1
a: Renounce Religion, Heroism


You were on level 7 of the Dungeon.
You worshipped Okawaru.
Okawaru was pleased with you.
You visited 2 branches of the dungeon, and saw 8 of its levels.

You collected 469 gold pieces.

Inventory:

Hand Weapons
 g - a +4 halberd (weapon)
 r - the +3 dagger of Depp {heavy, rPois rCorr Str-4 Int-4}
   (You found it on level 2 of the Dungeon)

   Str:       It affects your strength (-4).
   Int:       It affects your intelligence (-4).
   rPois:     It protects you from poison.
   rCorr:     It protects you from acid and corrosion.
 x - a +1 flail of protection
Missiles
 v - 3 atropa-tipped darts
 w - 4 throwing nets
Armour
 a - a +0 robe (worn)
Jewellery
 h - an amulet of the acrobat
 o - a ring of see invisible (left hand)
 y - an amulet of magic regeneration (around neck)
Wands
 D - a wand of flame (20)
Scrolls
 d - a scroll of identify
 f - a scroll of enchant weapon {unknown}
 i - 4 scrolls of immolation
 j - 3 scrolls of teleportation {unknown}
 k - 2 scrolls of noise {unknown}
 n - 3 scrolls of amnesia
 q - a scroll of blinking {unknown}
 s - 2 scrolls of magic mapping {unknown}
 t - 2 scrolls of silence {unknown}
 u - a scroll of fear {unknown}
 C - a scroll of brand weapon {unknown}
 E - a scroll of poison {unknown}
Potions
 b - a potion of magic
 e - a potion of invisibility {unknown}
 l - a potion of flight
 p - a potion of degeneration
 z - a potion of might
 A - a potion of berserk rage {unknown}
 B - a potion of attraction {unknown}


   Skills:
 + Level 4.2 Fighting
 + Level 5.6 Dodging
 - Level 3.4 Stealth
 * Level 6.4 Spellcasting
 + Level 6.2 Conjurations
 - Level 3.0 Ice Magic
 + Level 7.4 Air Magic


You had 7 spell levels left.
You knew the following spells:

 Your Spells              Type           Power      Damage    Failure   Level
a - Shock                 Conj/Air       100%       1d9       1%          1
b - Static Discharge      Conj/Air       50%        2-5/arc   1%          2
c - Swiftness             Air            27%        N/A       1%          3
d - Hailstorm             Conj/Ice       18%        3d6       6%          3
e - Airstrike             Air            13%        2d(2-18)  7%          4

Your spell library contained the following spells:

 Spells                   Type           Power      Damage    Failure   Level
 Ensorcelled Hibernation  Hex/Ice        18%        N/A       12%         2
 Passwall                 Tmut/Erth      3%         N/A       22%         2
 Portal Projectile        Hex/Tloc       8%         N/A       38%         3
 Ice Form                 Ice/Tmut       9%         N/A       58%         4
 Leda's Liquefaction      Hex/Erth       2%         N/A       80%         4
 Call Canine Familiar     Summ           Unusable   N/A       N/A         3
 Simulacrum               Ice/Necr       Unusable   N/A       N/A         6

Dungeon Overview and Level Annotations

Branches:
Dungeon (7/15)             Temple (1/1) D:4

Altars:
Ashenzari
Cheibriados
Dithmenos
Elyvilon
Gozag
Hepliaklqana
Kikubaaqudgha
Makhleb
Nemelex Xobeh
Okawaru
Qazlal
Ru
Sif Muna
Trog
Uskayaw
Vehumet
Wu Jian
Xom
Yredelemnul
Zin
The Shining One

Shops:
D:4 [


Innate Abilities, Weirdness & Mutations

You have a beak for a mouth.
You have claws for feet.
Your magical nature lets you fly swiftly and evasively.
Armour fits poorly on your strangely shaped body.
You have hidden genetic defects.


Message History

You are very lightly contaminated with residual magic.
Nothing appears to happen.
Casting: Hailstorm (dangerous; 6% risk of failure)
Confirm with . or Enter, or press ? or * to list all spells.
The troll is struck by an arc of lightning.
The troll is moderately wounded.
You are struck by an arc of lightning.
The lightning grounds out.
The troll barely misses you. The troll closely misses you.
The troll barely misses you.
Casting: Static Discharge (safe; 1% risk of failure)
Confirm with . or Enter, or press ? or * to list all spells.
The troll is struck by an arc of lightning.
The troll is moderately wounded.
You are struck by an arc of lightning.
The troll is struck by an arc of lightning.
The troll is heavily wounded.
The lightning grounds out.
The troll bites you. The troll claws you! The troll closely misses you.
Casting: Static Discharge (safe; 1% risk of failure)
Confirm with . or Enter, or press ? or * to list all spells.
You don't know that spell.
Casting: Static Discharge (safe; 1% risk of failure)
Confirm with . or Enter, or press ? or * to list all spells.
The troll is struck by an arc of lightning.
The troll is heavily wounded.
You are struck by an arc of lightning.
The lightning grounds out.
The troll bites you! The troll completely misses you. x2
Unknown command.
Casting: Static Discharge (safe; 1% risk of failure)
Confirm with . or Enter, or press ? or * to list all spells.
You don't know that spell.
Casting: Static Discharge (safe; 1% risk of failure)
Confirm with . or Enter, or press ? or * to list all spells.
The troll is struck by an arc of lightning.
The troll is severely wounded.
You are struck by an arc of lightning.
The troll is struck by an arc of lightning.
The troll is severely wounded.
The lightning grounds out.
The troll bites you!
You die...

#.# ..
#.# #.#
#.# #.#
#.# #.#
########.
#.#
#.T......
#.# #@#
#.####.#
#......#
########


You could see a troll.

Vanquished Creatures
  Sigmund (D:6)
  Menkaure (D:4)
  2 orc warriors
  3 ice beasts
  2 ogres (D:4)
  A black bear (D:4)
  4 centaurs
  Blork the orc (D:4)
  2 scorpions (D:6)
  3 wights (D:6)
  A howler monkey (D:4)
  3 jellies
  2 hounds
  5 orc priests
  3 iguanas
  An orc wizard (D:5)
  Robin (D:4)
  7 gnolls
  4 adders
  2 white imps (D:6)
  3 ufetubi
  A worm (D:3)
  A dart slug (D:3)
  20 orcs
  6 endoplasms
  2 giant cockroaches
  10 goblins
  8 hobgoblins
  3 jackals (D:3)
  5 quokkas
  8 ball pythons
  8 bats
  3 frilled lizards
  10 kobolds
  4 rats
141 creatures vanquished.

Notes
Turn   | Place    | Note
-------+----------+-------------------------------------------
     0 | D:1      | Stendarr the Tengu Air Elementalist began the quest for the
                  | Orb.
     0 | D:1      | Reached XP level 1. HP: 10/10 MP: 4/4
   394 | D:1      | Reached XP level 2. HP: 15/15 MP: 4/6
  1330 | D:2      | Reached XP level 3. HP: 19/19 MP: 0/7
  1855 | D:2      | Identified the +3 dagger of Depp {heavy, rPois rCorr Str-4
                  | Int-4}
  2383 | D:3      | Reached XP level 4. HP: 24/24 MP: 6/9
  3117 | D:3      | Gained mutation: Your magical nature lets you fly swiftly
                  | and evasively. [Tengu growth]
  3117 | D:3      | Reached XP level 5. HP: 28/28 MP: 4/10
  3327 | D:3      | Reached skill level 1 in Fighting
  4058 | D:4      | Reached skill level 5 in Air Magic
  4058 | D:4      | Reached XP level 6. HP: 34/34 MP: 7/12
  4218 | D:4      | Found a staircase to the Ecumenical Temple.
  4234 | Temple   | Entered the Ecumenical Temple
  4557 | Temple   | Became a worshipper of Warmaster Okawaru
  4687 | D:4      | Noticed Menkaure
  4698 | D:4      | Learned a level 2 spell: Static Discharge
  4702 | D:4      | Learned a level 3 spell: Swiftness
  4706 | D:4      | Learned a level 3 spell: Hailstorm
  4708 | D:4      | Noticed Robin
  4713 | D:4      | Killed Robin
  4738 | D:4      | Reached XP level 7. HP: 39/39 MP: 6/13
  4862 | D:4      | Killed Menkaure
  5040 | D:4      | Noticed Blork the orc
  5063 | D:4      | Killed Blork the orc
  5064 | D:4      | Reached skill level 1 in Ice Magic
  5483 | D:4      | Found Jeas Hen's Armour Boutique.
  5644 | D:5      | Entered Level 5 of the Dungeon
  5918 | D:5      | Reached * piety under Okawaru
  5919 | D:5      | Reached skill level 6 in Air Magic
  5919 | D:5      | Reached XP level 8. HP: 31/45 MP: 5/16
  6498 | D:6      | Reached skill level 5 in Spellcasting
  6731 | D:6      | Reached skill level 5 in Conjurations
  6966 | D:6      | Noticed Sigmund
  6976 | D:6      | Reached skill level 5 in Dodging
  7120 | D:6      | Reached ** piety under Okawaru
  7164 | D:6      | Reached XP level 9. HP: 51/51 MP: 12/18
  7423 | D:6      | Reached skill level 7 in Air Magic
  7588 | D:6      | Killed Sigmund
  7597 | D:6      | Learned a level 4 spell: Airstrike
  8358 | D:7      | Noticed a troll
  8369 | D:7      | Gained mutation: Your magical capacity is low. (-10% MP)
                  | [potion of mutation]
  8369 | D:7      | Gained mutation: You have sharp fingernails. [potion of
                  | mutation]
  8370 | D:7      | Lost mutation: You have sharp fingernails. [potion of
                  | mutation]
  8370 | D:7      | Lost mutation: Your magical capacity is low. (-10% MP)
                  | [potion of mutation]
  8370 | D:7      | Gained mutation: Armour fits poorly on your strangely
                  | shaped body. [potion of mutation]
  8370 | D:7      | Gained mutation: You have hidden genetic defects. [potion
                  | of mutation]
  8383 | D:7      | Slain by a troll

Illustrated notes

Levels and vault maps discovered:
D:1:      ldierk_walled_garden, layout_loops_ring, serial_glass,
          glass_columns_b, glass_columns_b
D:2:      layout_loops_ring
D:3:      minmay_angry_zag, layout_basic, minmay_bisected
D:4:      layout_basic, minmay_temple_entry_ruins, serial_shops,
          kennysheep_little_box, hangedman_decor_riveting, serial_bayou_pond_a,
          nicolae_kite_square_tiling_tiny, minmay_cut_off, uniq_blork_the_orc,
          uniq_robin, uniq_menkaure
D:5:      layout_loops_cross
D:6:      layout_basic, grunt_ministairs_13, uniq_sigmund
D:7:      layout_basic, serial_glass, glass_columns_a, glass_columns_a
Temple:   roderic_octagonal_lattice_temple

Skill      XL: |  1  2  3  4  5  6  7  8  9 |
---------------+----------------------------+-----
Conjurations   | 2 3 4 5 6 |  6.2
Spellcasting   | 3 4 5 6 |  6.4
Dodging        | 3 4 5 |  5.6
Fighting       | 1 2 3 4 |  4.2
Stealth        | 3 |  3.4
Air Magic      | 5 6 7 |  7.4
Ice Magic      | 1 2 3 |  3.0

Action                     |  1- 3 |  4- 6 |  7- 9 || total
---------------------------+-------+-------+-------++-------
  Melee: Spear             |     1 |     3 |       ||     4
         Kick              |     1 |       |     3 ||     4
         Flail             |       |     4 |     5 ||     9
         Peck              |       |       |     2 ||     2
   Cast: Shock             |    83 |   117 |   192 ||   392
         Static Discharge  |       |       |    11 ||    11
         Hailstorm         |       |       |     2 ||     2
    Use: Potion            |       |       |     9 ||     9
         Scroll            |       |       |     4 ||     4
   Stab: Sleeping          |       |       |     1 ||     1
 Armour: Robe              |     5 |     2 |     6 ||    13
  Dodge: Dodged            |    29 |    16 |    63 ||   108
